 Dungeon Crawl Stone Soup version 0.29.1-15-g9cfb28693d (webtiles) character file.

Game seed: 10016787727566210914

27 javelincjr the Magician (level 2, -1/21 HPs)
             Began as a Demonspawn Hedge Wizard on Apr 6, 2023.
             Slain by a goblin
             ... wielding a +0 dagger
             ... led by Robin
              (5 damage)
             ... on level 2 of the Dungeon.
             The game lasted 00:02:52 (1541 turns).

javelincjr the Magician (Demonspawn Hedge Wizard)   Turns: 1541, Time: 00:02:52

Health: -1/21      AC:  2    Str: 10    XL:     2   Next: 93%
Magic:  6/6        EV: 12    Int: 15    God:
Gold:   23         SH:  0    Dex: 12    Spells: 0/7 levels left

rFire   . . .      SeeInvis .   a - +0 dagger
rCold   . . .      Faith    .   (no shield)
rNeg    . . .      Spirit   .   b - +0 robe
rPois   .          Reflect  .   c - +0 hat
rElec   .          Harm     .   (no cloak)
rCorr   .          Rampage  .   (no gloves)
Will    .....                   (no boots)
Stlth   ++........              (no amulet)
HPRegen 0.07/turn               (no ring)
MPRegen 0.10/turn               (no ring)

@: no status effects
A: antennae 1
a: no special abilities


You were on level 2 of the Dungeon.
You visited 1 branch of the dungeon, and saw 2 of its levels.

You collected 23 gold pieces.

Inventory:

Hand Weapons
 a - a +0 dagger (weapon)
Armour
 b - a +0 robe (worn)
 c - a +0 hat (worn)
 e - a +0 buckler
Scrolls
 f - a scroll of fear {unknown}
 h - a scroll of enchant armour {unknown}
 j - a scroll of magic mapping {unknown}
 l - 2 scrolls of teleportation {unknown}
 m - a scroll of enchant weapon {unknown}
Potions
 d - a potion of magic
 g - a potion of haste {unknown}
 i - a potion of degeneration {unknown}
 k - a potion of heal wounds {unknown}
 n - 2 potions of invisibility {unknown}


   Skills:
 * Level 1.0 Fighting
 + Level 0.5 Armour
 + Level 1.9 Dodging
 - Level 1.7 Stealth
 * Level 3.2 Spellcasting
 + Level 1.2 Conjurations
 + Level 1.3 Summonings
 + Level 1.1 Translocations


You couldn't memorise any spells.
You knew the following spells:

 Your Spells              Type           Power      Damage    Failure   Level
a - Magic Dart            Conj           24%        1d4       12%         1
b - Call Imp              Summ           6%         N/A       17%         2
c - Searing Ray           Conj           12%        2d4       19%         2
d - Blink                 Tloc           10%        N/A       19%         2

Your spell library contained the following spells:

 Spells                   Type           Power      Damage    Failure   Level
 Beastly Appendage        Tmut           4%         N/A       21%         1
 Slow                     Hex            8%         N/A       21%         1
 Wereblood                Tmut           2%         N/A       30%         2
 Conjure Flame            Conj/Fire      4%         6-21      41%         3
 Mephitic Cloud           Conj/Pois/Air  3%         N/A       45%         3
 Confusing Touch          Hex            2%         N/A       52%         3
 Spider Form              Tmut/Pois      2%         N/A       52%         3
 Vampiric Draining        Necr           2%         2d6       52%         3
 Fulminant Prism          Conj/Hex       2%         3d6       83%         4


Dungeon Overview and Level Annotations

Branches:
Dungeon (2/15)

Altars:

Annotations:
D:2 Robin


Innate Abilities, Weirdness & Mutations

You have a pair of small antennae on your head.


Message History

The endoplasm is almost dead.
The endoplasm quivers.
The magic dart hits the endoplasm.
You kill the endoplasm!
Your magical contamination has completely faded away.
Magic restored.
You open the door.
Robin, a hobgoblin and 2 goblins come into view.
A goblin is wielding a +1 dagger of draining.
The goblin shouts! x2
A goblin and a hobgoblin come into view.
The goblin shouts!
You hear a shout!
You closely miss the goblin. The goblin hits you with a +0 dagger.
Robin shouts!
The hobgoblin shouts!
You hit the goblin but do no damage.
You hear a shout!
The goblin barely misses you.
You barely miss the goblin. The goblin barely misses you.
You hit the goblin.
The goblin is heavily wounded.
Robin roars a battlecry!
The goblins go into a battle-frenzy!
The goblin hits you with a +0 dagger.
A goblin comes into view. It is wielding a +0 club.
The goblin shouts!
You hear a shout! x2
You barely miss the goblin.
The goblin is heavily wounded.
Robin throws the goblin at you! The goblin hits you with a +0 dagger.
A hobgoblin comes into view.
The goblin hits you with a +0 dagger.
You are too injured to fight recklessly!
You are too injured to fight recklessly!
You are too injured to fight recklessly!
You are too injured to fight recklessly!
You barely miss the goblin. The goblin hits you with a +0 dagger.
* * * LOW HITPOINT WARNING * * *
The goblin misses you.
You closely miss the goblin. The goblin misses you.
The goblin hits you with a +0 dagger.
You die...

######......#####..
#.............
#......######.
#####.....# #####.#
#.# ####.# #.g..#
#@#### #g# #g# #g#
#g# #g# #g# #g.


You could see Robin, 3 hobgoblins and 4 goblins.

Vanquished Creatures
  A dart slug (D:1)
  3 endoplasms
  A giant cockroach (D:1)
  3 goblins (D:1)
  2 hobgoblins (D:1)
  A kobold (D:1)
  2 quokkas (D:1)
  4 ball pythons (D:1)
  3 bats (D:1)
  A frilled lizard (D:1)
  A rat (D:1)
22 creatures vanquished.

Notes
Turn   | Place    | Note
-------+----------+-------------------------------------------
     0 | D:1      | javelincjr the Demonspawn Hedge Wizard began the quest for
                  | the Orb.
     0 | D:1      | Reached XP level 1. HP: 13/13 MP: 4/4
   287 | D:1      | Reached skill level 1 in Translocations
   411 | D:1      | Gained mutation: You have a pair of small antennae on your
                  | head. [demonic ancestry]
   411 | D:1      | Reached XP level 2. HP: 14/20 MP: 0/6
   581 | D:1      | Learned a level 2 spell: Call Imp
   584 | D:1      | Learned a level 2 spell: Searing Ray
   587 | D:1      | Learned a level 2 spell: Blink
  1118 | D:1      | Reached skill level 1 in Fighting
  1533 | D:2      | Noticed Robin
  1541 | D:2      | Slain by a goblin

Illustrated notes

Levels and vault maps discovered:
D:1:      matt_arrival_refuge, layout_loops_ring
D:2:      layout_basic, basic_ecumenical_altar, bh_walls_and_bars, uniq_terence,
          uniq_robin

Skill      XL: |  1  2 |
---------------+-------+-----
Translocations | 1 |  1.1
Fighting       | 1 |  1.0
Armour         | |  0.5
Dodging        | |  1.9
Stealth        | |  1.7
Spellcasting   | |  3.2
Conjurations   | |  1.2
Summonings     | |  1.3

Action                   || total
-------------------------++-------
Melee: Dagger            ||    42
 Cast: Magic Dart        ||    44
Armor: Robe              ||    16
Dodge: Dodged            ||    29
